 Dungeon Crawl Stone Soup version 0.28-a0-167-g7eff39e849 (webtiles) character file.

Game seed: 8544624388661502809

886 Nattfarinn the Magician (level 8, -14/50 HPs)
             Began as a Djinni Venom Mage on Aug 16, 2021.
             Killed from afar by a gargoyle (21 damage)
             ... with a stone arrow
             ... on level 6 of the Dungeon.
             The game lasted 00:05:29 (6431 turns).

Nattfarinn the Magician (Djinni Venom Mage)         Turns: 6431, Time: 00:05:30

Health: -14/50     AC:  2    Str:  7    XL:     8   Next: 26%
Gold:   369        EV: 12    Int: 18    God:
                   SH:  0    Dex: 15

rFire   + + .      SeeInvis .   w - +3 mace
rCold   x . .      Faith    .   (no shield)
rNeg    . . .      Spirit   .   a - +0 robe
rPois   ∞          Reflect  .   (no helmet)
rElec   .          Harm     .   (no cloak)
rCorr   .          Rampage  .   (no gloves)
Will    .....                   (boots unavailable)
Stlth   ++........              q - amulet of the acrobat
HPRegen 0.16/turn               (no ring)
MPRegen 0.00/turn               (no ring)

@: flying
A: sickness immunity, fire resistance 2, cold vulnerability 1, float, innate
caster, hp casting, extra vitality 1
a: no special abilities


You were on level 6 of the Dungeon.
You visited 1 branch of the dungeon, and saw 6 of its levels.

You collected 369 gold pieces.

Inventory:

Hand Weapons
 n - a +0 dagger of venom
 w - a +3 mace (weapon)
Armour
 a - a +0 robe (worn)
Jewellery
 k - an amulet of faith
 q - an amulet of the acrobat (around neck)
Wands
 v - a wand of charming (7)
Scrolls
 b - 5 scrolls of magic mapping
 c - 2 scrolls of identify {unknown}
 d - a scroll of teleportation {unknown}
 g - a scroll of noise {unknown}
 p - 3 scrolls of amnesia {unknown}
 r - a scroll of fog {unknown}
 s - a scroll of torment {unknown}
 u - a scroll of enchant armour {unknown}
Potions
 e - a potion of haste {unknown}
 f - a potion of ambrosia {unknown}
 h - a potion of lignification
 i - 4 potions of curing {unknown}
 j - 2 potions of might {unknown}
 l - 2 potions of degeneration {unknown}
 m - 2 potions of magic {unknown}
 o - a potion of mutation {unknown}
 t - a potion of heal wounds {unknown}


   Skills:
 - Level 2.1 Dodging
 - Level 1.5 Stealth
 + Level 7.2 Spellcasting


You had 5 spell levels left.
You knew the following spells:

 Your Spells              Type           Power      Damage    Failure   Level
a - Sting                 Tmut/Pois      100%       1d8       1%          1
b - Poisonous Vapours     Pois/Air       64%        N/A       1%          2
c - Mephitic Cloud        Conj/Pois/Air  32%        N/A       1%          3
d - Olgreb's Toxic Radia  Pois           32%        N/A       5%          4
e - Foxfire               Conj/Fire      100%       2x1d9     1%          1
f - Call Imp              Summ           32%        N/A       1%          2
g - Ozocubu's Armour      Ice            32%        N/A       1%          3
Your spell library was empty.

Dungeon Overview and Level Annotations

Branches:
Dungeon (6/15)
 Temple: D:4-7

Altars:
Dithmenos
Elyvilon
Gozag
Hepliaklqana
Trog
Uskayaw
Wu Jian
The Shining One


Innate Abilities, Weirdness & Mutations

You are immune to sickness and miasma.
You are immune to poison.
Your flesh is very heat resistant. (rF++)
You are vulnerable to cold. (rC-)
You float through the air rather than walking.
You learn spells naturally, not from books.
Your magical power is your life essence.
You have superior vitality. (+4 HP)


Message History

The gargoyle hits your crimson imp with a +0 mace!
Casting: Call Imp (safe; 1% risk of failure)
Confirm with . or Enter, or press ? or * to list all spells.
A beastly little devil appears in a puff of frigid air.
The gargoyle hits your crimson imp with a +0 mace!
Your crimson imp dies!
Casting: Call Imp (safe; 1% risk of failure)
Confirm with . or Enter, or press ? or * to list all spells.
A shadowy apparition takes form in the air.
Your white imp hits the gargoyle.
Your white imp freezes the gargoyle.
You swap places.
The gargoyle hits your white imp with a +0 mace!!
Your white imp dies!
Something hits your shadow imp!
Your shadow imp dies!
The gargoyle hurls a stone arrow at you.
The stone arrow misses you.
The gargoyle hurls a stone arrow at you.
The stone arrow misses you.
You hit the gargoyle but do no damage.
The gargoyle is moderately damaged.
The gargoyle hurls a stone arrow at you.
The stone arrow misses you.
You hit the gargoyle.
The gargoyle is heavily damaged.
The gargoyle barely misses you. The gargoyle misses you.
You hit the gargoyle but do no damage.
The gargoyle is heavily damaged.
The gargoyle hurls a stone arrow at you.
The stone arrow hits you!
You hit the gargoyle but do no damage.
The gargoyle is heavily damaged.
The gargoyle hurls a stone arrow at you.
The stone arrow hits you!!
* * * LOW HITPOINT WARNING * * *
You hit the gargoyle but do no damage.
The gargoyle is heavily damaged.
The gargoyle hurls a stone arrow at you.
The stone arrow hits you!!
You die...

#)# ...
#.###############
#...............#
#######.#######)#
#.# #.# ### #.#
#.# #######.#
#...@9..#
##.############
#............<#
#..############
#..### #....#
#.##.# #....#
#.##.#


You could see a gargoyle.

Vanquished Creatures
  An orc warrior (D:6)
  A sky beast (D:4)
  A black bear (D:5)
  3 ogres
  A centaur zombie (D:5)
  2 jellies
  A centaur skeleton (D:5)
  Jessica (D:2)
  A bullfrog skeleton (D:4)
  An iguana (D:4)
  An orc wizard (D:6)
  4 gnolls (D:4)
  3 adders
  An adder skeleton (D:4)
  2 worms (D:4)
  A dart slug (D:1)
  5 orcs
  5 ball pythons
  5 bats
  4 endoplasms
  4 giant cockroaches
  7 hobgoblins
  2 kobolds
  5 quokkas
  2 frilled lizards
  5 goblins
  2 rats
  A spectral hobgoblin (D:2)
72 creatures vanquished.

Vanquished Creatures (collateral kills)
  An orc (D:6)
1 creature vanquished.

Vanquished Creatures (others)
  415 foxfires
415 creatures vanquished.

Grand Total: 488 creatures vanquished

Notes
Turn   | Place    | Note
-------+----------+-------------------------------------------
     0 | D:1      | Nattfarinn the Djinni Venom Mage began the quest for the
                  | Orb.
     0 | D:1      | Reached XP level 1. HP: 15/15 MP: 0/0
   515 | D:1      | Reached XP level 2. HP: 19/21 MP: 0/0
   733 | D:1      | Reached skill level 3 in Spellcasting
   998 | D:2      | Reached XP level 3. HP: 13/25 MP: 0/0
   998 | D:2      | Learned a level 1 spell: Foxfire
  1001 | D:2      | Reached XP level 4. HP: 14/31 MP: 0/0
  1270 | D:2      | Found a faded altar of an unknown god.
  1910 | D:2      | Noticed Jessica
  1914 | D:2      | Killed Jessica
  1915 | D:2      | Reached skill level 4 in Spellcasting
  2292 | D:3      | Found a glowing golden altar of the Shining One.
  2505 | D:3      | Reached XP level 5. HP: 33/35 MP: 0/0
  2505 | D:3      | Learned a level 2 spell: Call Imp
  3352 | D:4      | Noticed a sky beast
  3371 | D:4      | Killed a sky beast
  3372 | D:4      | Reached XP level 6. HP: 4/40 MP: 0/0
  3682 | D:4      | Reached skill level 5 in Spellcasting
  4787 | D:5      | Entered Level 5 of the Dungeon
  5096 | D:5      | Noticed an ogre
  5110 | D:5      | Killed an ogre
  5111 | D:5      | Reached XP level 7. HP: 41/45 MP: 0/0
  5111 | D:5      | Learned a level 3 spell: Ozocubu's Armour
  5135 | D:5      | Found a bloodstained altar of Trog.
  5141 | D:5      | Found a shadowy altar of Dithmenos.
  5141 | D:5      | Found a hide-covered altar of Uskayaw.
  5142 | D:5      | Found a hazy altar of Hepliaklqana.
  5142 | D:5      | Found an opulent altar of Gozag.
  5144 | D:5      | Found a white marble altar of Elyvilon.
  5145 | D:5      | Found an ornate altar of the Wu Jian Council.
  5197 | D:5      | Reached skill level 6 in Spellcasting
  6057 | D:6      | Reached XP level 8. HP: 32/50 MP: 0/0
  6220 | D:6      | Reached skill level 7 in Spellcasting
  6248 | D:6      | Noticed a gargoyle
  6431 | D:6      | Killed from afar by a gargoyle

Illustrated notes

Levels and vault maps discovered:
D:1:      minmay_arrival_three_doors, layout_basic, serial_bayou_ford_a
D:2:      layout_rooms, dreamdust_ecumenical_altar_drowned_temple, uniq_jessica
D:3:      layout_loops_ring, mainiacjoe_overflow_small_starburst
D:4:      layout_basic
D:5:      layout_loops_ring, minitemple, minmay_misc_feat_doors
D:6:      layout_basic, minmay_door_square, kennysheep_decorative_pillar

Skill      XL: |  1  2  3  4  5  6  7  8 |
---------------+-------------------------+-----
Spellcasting   | 3 4 5 6 7 |  7.2
Dodging        | |  2.1
Stealth        | |  1.5

Action                   |  1- 3 |  4- 6 |  7- 9 || total
-------------------------+-------+-------+-------++-------
Melee: Dagger            |       |     2 |     3 ||     5
       Mace              |       |       |     5 ||     5
 Cast: Sting             |    33 |       |       ||    33
       Foxfire           |     1 |   199 |    60 ||   260
       Olgreb's Toxic Ra |       |       |     2 ||     2
       Call Imp          |       |       |     8 ||     8
  Use: Scroll            |       |     1 |       ||     1
       Potion            |       |     1 |       ||     1
Armor: Robe              |     2 |     4 |     3 ||     9
       Skin              |       |     1 |       ||     1
Dodge: Dodged            |    14 |    17 |    27 ||    58

Table legend: (Time is in decaauts)
 A = Elapsed time spent in this place.
 B = Non-inter-level travel time spent in this place.
 C = Inter-level travel time spent in this place.
 D = Time resting spent in this place.
 E = Time spent auto-exploring this place.
 F = Levels seen in this place.
 G = Mean time per level.
                   A        B        C        D        E       F      G
               +--------+--------+--------+--------+--------+-----+--------+
         Total |   6431 |   6209 |    222 |    297 |   5315 |   6 | 1071.8 |
       Dungeon |   6431 |   6209 |    222 |    297 |   5315 |   6 | 1071.8 |
               +--------+--------+--------+--------+--------+-----+--------+

Top non-repeatable levels by time:
     D:4: 1496 daAuts
     D:2: 1258 daAuts
     D:5: 1234 daAuts
     D:3: 1059 daAuts
     D:1: 971 daAuts
     D:6: 410 daAuts
